 Dungeon Crawl Stone Soup version 0.18-a0-1443-ge8f1551 (webtiles) character file.

348 Duffy the Magician (level 6, -2/28 HPs)
             Began as a Spriggan Enchanter on Mar 1, 2016.
             Was an Initiate of Kikubaaqudgha.
             Slain by an iguana (8 damage)
             ... on level 5 of the Dungeon.
             The game lasted 00:05:19 (3990 turns).

Duffy the Magician (Spriggan Enchanter)             Turns: 3990, Time: 00:05:19

Health: -2/28      AC:  3    Str:  4    XL:     6   Next: 33%
Magic:  8/16       EV: 18    Int: 19    God:    Kikubaaqudgha [......]
Gold:   176        SH:  0    Dex: 16    Spells: 5 memorised, 5 levels left

rFire  . . .     SeeInvis +     j - +0 dagger (drain)
rCold  . . .     Gourm    .     b - +1 robe
rNeg   . . .     Faith    .     (shield restricted)
rPois  .         Spirit   .     (helmet restricted)
rElec  .         Dismiss  .     (no cloak)
rCorr  .         Reflect  .     (gloves unavailable)
SustAt .         Harm     .     (boots unavailable)
MR     ++...                    (no amulet)
Stlth  +++.......               (no ring)
                                n - ring of protection from magic

@: very slightly contaminated, very quick, very resistant to hostile
enchantments, fairly stealthy
A: unfitting armour, see invisible, herbivore 3, speed 3, slow metabolism 2
a: Renounce Religion


You were on level 5 of the Dungeon.
You worshipped Kikubaaqudgha.
Kikubaaqudgha was noncommittal.
You were hungry.

You visited 2 branches of the dungeon, and saw 6 of its levels.

You collected 176 gold pieces.


Innate Abilities, Weirdness & Mutations

You are tiny and cannot use many weapons and most armour.
You have supernaturally acute eyesight.
You are an herbivore.
You cover ground extremely quickly.
You need consume almost no food.


   Skills:
 + Level 3.7 Short Blades
 - Level 3.0 Dodging
 - Level 4.4 Stealth
 * Level 6.2 Spellcasting
 + Level 5.0 Hexes


You had 5 spell levels left.
You knew the following spells:

 Your Spells              Type           Power        Failure   Level  Hunger
a - Ensorcelled Hibernat  Hex/Ice        ###...       8%          2    None
c - Confuse               Hex            ####....     4%          3    ##.....
j - Dazzling Spray        Conj/Hex       ###.....     12%         3    ##.....
l - Tukima's Dance        Hex            ####....     4%          3    ##.....
r - Corona                Hex            ####...      1%          1    None

Inventory:

Hand Weapons
 a - a +1 dagger
 j - a +0 dagger of draining (weapon)
Armour
 b - a +1 robe (worn)
 l - a +0 buckler
Jewellery
 n - a ring of protection from magic (left hand)
Wands
 s - a wand of lightning (9/15)
Scrolls
 e - 3 scrolls of remove curse {unknown}
 h - a scroll of fear {unknown}
 k - 2 scrolls of teleportation {unknown}
 m - a scroll of random uselessness {unknown}
 p - a scroll of amnesia {unknown}
 q - 3 scrolls of immolation {unknown}
 t - 5 scrolls of identify {unknown}
 x - a scroll of fog {unknown}
 y - a scroll of noise {unknown}
Potions
 f - a potion of agility {unknown}
 g - a potion of haste {unknown}
 i - a potion of degeneration {unknown}
 o - 2 potions of brilliance {unknown}
 r - 3 potions of curing {unknown}
 u - a potion of lignification {unknown}
 v - 3 potions of heal wounds {unknown}
 w - a potion of beneficial mutation {unknown}
Books
 c - a book of Maledictions
Comestibles
 d - a bread ration
 z - 5 fruits

Dungeon Overview and Level Annotations

Branches:
Dungeon (5/15)             Temple (1/1) D:4

Altars:
Cheibriados
Elyvilon
Fedhas
Gozag
Kikubaaqudgha
Makhleb
Pakellas
Qazlal
Sif Muna
Vehumet
Xom
The Shining One


Message History

You climb downwards.
The giant frog skeleton barely misses you.
The iguana bites you!
There is a stone staircase leading up, spattered with blood here.
Cast which spell? (? or * to list)
Aiming: Ensorcelled Hibernation
Press: ? - help, Shift-Dir - straight line, f - iguana
Aim: an iguana (chance to defeat MR: 54%)
The iguana resists with significant effort.
The giant frog skeleton hits you. The iguana closely misses you.
The giant frog skeleton hits you but does no damage.
Cast which spell? (? or * to list)
Aiming: Ensorcelled Hibernation
Press: ? - help, Shift-Dir - straight line, f/p - iguana
Aim: an iguana (chance to defeat MR: 54%)
The iguana resists with significant effort.
The iguana closely misses you.
The giant frog skeleton closely misses you.
Cast which spell? (? or * to list)
Aiming: Ensorcelled Hibernation
Press: ? - help, Shift-Dir - straight line, f/p - iguana
Aim: an iguana (chance to defeat MR: 54%)
You miscast Ensorcelled Hibernation.
You are very lightly contaminated with residual magic.
You shiver with cold.
The giant frog skeleton hits you but does no damage.
The iguana bites you!
Cast which spell? (? or * to list)
Aiming: Ensorcelled Hibernation
Press: ? - help, Shift-Dir - straight line, f/p - iguana
Aim: an iguana (chance to defeat MR: 54%)
The iguana resists with significant effort.
The giant frog skeleton misses you. The iguana bites you!
You die...
Kikubaaqudgha rasps: "You have failed me!
Welcome... death!"

... ... .. ####..
#####....#### ...
##...........# ...
.............# ....
..........@Z.# .....
.........l...# #...
.............##..#
.............#..#
.......)....#...#
.>.............####
....................
....................
.................###


You could see an iguana and a giant frog skeleton.

Action                   |  1- 3 |  4- 6 || total
-------------------------+-------+-------++-------
Melee: Dagger            |    84 |   212 ||   296
 Cast: Ensorcelled Hiber |       |    18 ||    18
 Stab: Sleeping          |    14 |    25 ||    39

Notes
Turn   | Place    | Note
--------------------------------------------------------------
     0 | D:1      | Duffy the Spriggan Enchanter began the quest for the Orb.
     0 | D:1      | Reached XP level 1. HP: 9/9 MP: 5/5
   141 | D:1      | Reached skill level 3 in Spellcasting
   448 | D:1      | Reached XP level 2. HP: 13/13 MP: 7/7
   452 | D:1      | Learned a level 2 spell: Ensorcelled Hibernation
   820 | D:2      | Reached skill level 4 in Hexes
   820 | D:2      | Reached XP level 3. HP: 16/16 MP: 9/9
   841 | D:2      | Reached skill level 4 in Spellcasting
   868 | D:2      | Learned a level 3 spell: Confuse
   872 | D:2      | Learned a level 3 spell: Tukima's Dance
   997 | D:2      | Reached skill level 2 in Short Blades
  1109 | D:2      | Reached XP level 4. HP: 21/21 MP: 11/11
  1271 | D:2      | Learned a level 3 spell: Dazzling Spray
  2106 | D:3      | Reached skill level 5 in Spellcasting
  2323 | D:3      | Reached XP level 5. HP: 22/24 MP: 13/13
  2749 | D:4      | Reached skill level 3 in Short Blades
  3210 | D:4      | Reached XP level 6. HP: 25/28 MP: 10/15
  3358 | D:4      | Found a staircase to the Ecumenical Temple.
  3391 | Temple   | Entered the Ecumenical Temple
  3515 | Temple   | Became a worshipper of Kikubaaqudgha
  3543 | D:4      | Reached skill level 5 in Hexes
  3762 | D:4      | Reached skill level 6 in Spellcasting
  3771 | D:5      | Entered Level 5 of the Dungeon
  3990 | D:5      | Slain by an iguana

Vault maps used:
D:1:      dpeg_arrival_lava_temple_mockup
D:2:      hangedman_decor_points, minmay_close_crescents
D:4:      temple_statues
D:5:      first_bread, serial_shops, shop
Temple:   water_room_temple_b_12

Vanquished Creatures
  A howler monkey
  An orc priest
  An iguana
  2 orc wizards
  9 adders
  3 oozes
  3 worms
  2 giant geckos
  8 orcs
  12 bats
  5 goblins
  10 hobgoblins
  9 jackals
  7 kobolds
  A quokka
  A giant gecko skeleton
  A giant newt
  14 rats
90 creatures vanquished.
